 Dungeon Crawl Stone Soup version 0.29.1-4-g47bece8355 (webtiles) character file.

Game seed: 10179394061447179307

1794 Jod the Cleaver (level 8, 0/64 HPs)
             Began as a Minotaur Fighter on Dec 8, 2022.
             Was an Initiate of the Shining One.
             Succumbed to an orc warrior's poison
             ... on level 6 of the Dungeon.
             The game lasted 00:21:30 (3357 turns).

Jod the Cleaver (Minotaur Fighter)                  Turns: 3357, Time: 00:21:31

Health: 0/64       AC:  7    Str: 22    XL:     8   Next: 82%
Magic:  5/7        EV:  9    Int:  5    God:    the Shining One [......]
Gold:   263        SH:  4    Dex: 11    Spells: 7/7 levels left

rFire   + . .      SeeInvis +   a - +1 war axe
rCold   . . .      Faith    .   c - +0 buckler
rNeg    . . .      Spirit   +   b - +1 scale mail
rPois   .          Reflect  .   (helmet restricted)
rElec   .          Harm     .   (no cloak)
rCorr   .          Rampage  .   (no gloves)
Will    .....                   (no boots)
Stlth   ..........              l - amulet of guardian spirit
HPRegen 0.20/turn               d - ring "Juogathi" {Fly rF+ SInv}
MPRegen 0.10/turn               (no ring)

@: lethally poisoned (0 -> -1), flying, glowing
A: horns 2, retaliatory headbutt
a: Renounce Religion


You were on level 6 of the Dungeon.
You worshipped the Shining One.
The Shining One was noncommittal.
You visited 2 branches of the dungeon, and saw 7 of its levels.

You collected 263 gold pieces.

Inventory:

Hand Weapons
 a - a +1 war axe (weapon)
Armour
 b - a +1 scale mail (worn)
 c - a +0 buckler (worn)
Jewellery
 d - the ring "Juogathi" (left hand) {Fly rF+ SInv}
   (You acquired it on level 5 of the Dungeon)

   [ring of protection from fire]

   rF:        It protects you from fire.
   SInv:      It lets you see invisible.
   Fly:       It grants you flight.
 l - an amulet of guardian spirit (around neck)
Wands
 g - a wand of quicksilver (10)
Scrolls
 h - a scroll of enchant armour
 j - 2 scrolls of blinking
Potions
 e - a potion of haste
 f - a potion of attraction
 k - 2 potions of mutation
 m - 2 potions of brilliance
 t - 2 potions of flight


   Skills:
 - Level 3.6 Fighting
 + Level 13.6 Axes
 - Level 3.6 Armour
 - Level 3.6 Shields


You had 7 spell levels left.
You didn't know any spells.
Your spell library contained the following spells:

 Spells                   Type           Power      Damage    Failure   Level
 Magic Dart               Conj           0%         1d3       88%         1
 Call Imp                 Summ           0%         N/A       95%         2
 Static Discharge         Conj/Air       0%         3-3/arc   95%         2
 Mephitic Cloud           Conj/Pois/Air  0%         N/A       99%         3
 Lightning Bolt           Conj/Air       0%         1d11      100%        5
 Maxwell's Capacitive Co  Air            0%         ∞         100%        8


Dungeon Overview and Level Annotations

Branches:
Dungeon (6/15)             Temple (1/1) D:6

Altars:
Cheibriados
Elyvilon
Fedhas
Gozag
Hepliaklqana
Kikubaaqudgha
Nemelex Xobeh
Okawaru
Qazlal
Ru
Uskayaw
Xom
Yredelemnul
Zin
The Shining One


Innate Abilities, Weirdness & Mutations

You have a pair of horns on your head.
You reflexively headbutt those who attack you in melee.


Message History

The orc warrior hits you with a +2 trident of venom!
You are lethally poisoned!
You hit the orc warrior. Your headbutt misses the orc warrior.
The orc warrior is severely wounded.
You feel very sick.
You barely miss the orc warrior. Your headbutt misses the orc warrior.
The orc warrior is severely wounded.
You feel very sick. You block the orc warrior's attack.
You slice the orc warrior!!
You kill the orc warrior!
* * * LOW HITPOINT WARNING * * *
You feel very sick.
* * * LOW HITPOINT WARNING * * *
You feel very sick.
Things that are here:
a +2 trident of venom; a +0 plate armour; an orc corpse
Okay, then.
As you read the scroll labelled JATAETUCLA, it crumbles to dust.
You feel strangely unstable.
It was a scroll of teleportation.
* * * LOW HITPOINT WARNING * * *
You feel very sick.
* * * LOW HITPOINT WARNING * * *
You feel sick.
Your surroundings suddenly seem different.
Found 3 poisoned darts.
* * * LOW HITPOINT WARNING * * *
You feel sick.
* * * LOW HITPOINT WARNING * * *
You feel sick.
* * * LOW HITPOINT WARNING * * *
You feel sick.
* * * LOW HITPOINT WARNING * * *
You feel sick.
* * * LOW HITPOINT WARNING * * *
You feel sick.
* * * LOW HITPOINT WARNING * * *
You feel sick.
Okay, then.
You die...

#.#### #.# #....# #)#
###..# #.# ##...# #)#
##############....# #.#
#...###...####..### #)#
....###....###..#####.#####
....###....###..#....>.....
(#...#...#@.##..####÷######
.##.....##..#..## #.......
.###...###....## ##########
.###...###...## #........†
##...####### #.########
####### #.#......#
#.#†####.# #.#.#..#.#
#.#.#<...#


There were no monsters in sight!

Vanquished Creatures
  Prince Ribbit (D:6)
  A shadow (D:6)
  Edmund (D:5)
  A black bear (D:4)
  An orc warrior (D:6)
  An ice beast (D:6)
  3 ogres
  A centaur (D:5)
  3 bullfrogs
  2 hounds (D:6)
  2 orc priests
  A jelly (D:5)
  5 iguanas
  2 orc wizards
  9 gnolls
  6 adders
  A shadow imp (D:5)
  A worm (D:2)
  A dart slug (D:3)
  14 orcs
  3 bats
  2 endoplasms
  2 giant cockroaches (D:3)
  13 goblins
  7 hobgoblins
  2 jackals (D:2)
  A quokka (D:4)
  3 ball pythons
  3 frilled lizards (D:1)
  6 kobolds
  A rat (D:1)
100 creatures vanquished.

Notes
Turn   | Place    | Note
-------+----------+-------------------------------------------
     0 | D:1      | Jod the Minotaur Fighter began the quest for the Orb.
     0 | D:1      | Reached XP level 1. HP: 19/19 MP: 0/0
   124 | D:1      | Reached skill level 3 in Axes
   232 | D:1      | Reached XP level 2. HP: 26/26 MP: 1/1
   465 | D:2      | Reached skill level 4 in Axes
   538 | D:2      | Reached XP level 3. HP: 18/31 MP: 2/2
  1073 | D:3      | Reached skill level 5 in Axes
  1339 | D:4      | Noticed a black bear
  1345 | D:4      | Killed a black bear
  1346 | D:4      | Reached skill level 6 in Axes
  1346 | D:4      | Reached XP level 4. HP: 16/39 MP: 3/3
  1346 | D:4      | Reached XP level 5. HP: 18/45 MP: 4/4
  1521 | D:5      | Entered Level 5 of the Dungeon
  1534 | D:5      | HP: 2/45 [bullfrog (4)]
  1537 | D:5      | Reached skill level 7 in Axes
  1769 | D:5      | Identified a scroll of acquirement
  1769 | D:5      | Acquired the ring "Juogathi" {Fly rF+ SInv}
  1787 | D:5      | Noticed an ogre
  1791 | D:5      | Killed an ogre
  1792 | D:5      | Reached skill level 8 in Axes
  1792 | D:5      | Reached XP level 6. HP: 51/51 MP: 5/5
  1927 | D:5      | Noticed Edmund
  1935 | D:5      | Reached skill level 9 in Axes
  1949 | D:5      | Killed Edmund
  1950 | D:5      | Reached XP level 7. HP: 10/57 MP: 6/6
  2372 | D:5      | Reached skill level 10 in Axes
  2374 | D:5      | HP: 2/85 [gnoll/+0 scythe (5)]
  2842 | D:6      | Reached skill level 11 in Axes
  2848 | D:6      | Reached XP level 8. HP: 56/64 MP: 7/7
  3001 | D:6      | Found an opulent altar of Gozag.
  3022 | D:6      | Reached skill level 12 in Axes
  3107 | D:6      | Found a staircase to the Ecumenical Temple.
  3115 | Temple   | Entered the Ecumenical Temple
  3128 | Temple   | Became a worshipper of the Shining One
  3195 | D:6      | Noticed Prince Ribbit
  3202 | D:6      | Killed Prince Ribbit
  3203 | D:6      | Reached skill level 13 in Axes
  3353 | D:6      | HP: 3/64 [poisoned by an orc warrior]
  3356 | D:6      | HP: 1/64 [poisoned by an orc warrior]
  3357 | D:6      | Succumbed to an orc warrior's poison

Illustrated notes

Levels and vault maps discovered:
D:1:      lightli_arrival_statuegarden, layout_basic,
          shapermc_ecumenical_altar_pompeii
D:2:      layout_basic
D:3:      minmay_thinvault, layout_loops_ring, minmay_misc_feat_doors
D:4:      layout_basic, kennysheep_generic_room_11
D:5:      layout_loops_ring, sigmund_army, uniq_edmund
D:6:      layout_basic, kennysheep_mini, minmay_temple_entry_hall,
          hangedman_glass_teeth, uniq_prince_ribbit1
Temple:   zaba_magenta_temple

Skill      XL: |  1  2  3  4  5  6  7  8 |
---------------+-------------------------+-----
Axes           | 3 4 6 8 9 11 13 | 13.6
Fighting       | |  3.6
Armour         | |  3.6
Shields        | |  3.6

Action                   |  1- 3 |  4- 6 |  7- 9 || total
-------------------------+-------+-------+-------++-------
Melee: War axe           |    98 |    42 |   122 ||   262
       Headbutt          |     5 |     8 |    25 ||    38
Evoke: Wand              |     3 |     2 |       ||     5
  Use: Scroll            |       |    11 |     4 ||    15
       Potion            |       |     6 |     3 ||     9
 Stab: Distracted        |     1 |       |       ||     1
Armor: Scale mail        |    40 |    21 |    29 ||    90
Dodge: Dodged            |    38 |    22 |    53 ||   113
Block: Buckler           |    20 |    11 |    14 ||    45
